 Dungeon Sprint DCSS version 0.21-a0-278-ga722497 (webtiles) character file.

3672 potatolord6000 the Cleaver (level 9, -3/92 HPs)
             Began as a Minotaur Monk on Sept 20, 2017.
             Was an Elder of Nemelex Xobeh.
             Slain by a demonic crawler (5 damage)
             ... in the Dungeon (Sprint VII: "The Pits").
             The game lasted 00:08:24 (1053 turns).

potatolord6000 the Cleaver (Minotaur Monk)          Turns: 1053, Time: 00:08:25

Health: -3/92      AC: 21    Str: 21    XL:     9   Next: 89%
Magic:  15/15      EV: 12    Int:  7    God:    Nemelex Xobeh [****..]
Gold:   0          SH:  0    Dex: 14    Spells: 8/8 levels left

rFire    . . .     SeeInvis .   w - +1 broad axe (chop)
rCold    . . .     Gourm    .   (no shield)
rNeg     . . .     Faith    .   x - +3 plate armour
rPois    .         Spirit   .   (helmet restricted)
rElec    .         Reflect  .   (no cloak)
rCorr    .         Harm     .   (no gloves)
MR       .....     NoTele   +   (no boots)
Stlth    ..........             (no amulet)
HPRegen  0.25/turn              b - +3 ring of protection
MPRegen  0.14/turn              u - +3 ring of strength

@: slowed, very slow
A: retaliatory headbutt, horns 2
a: Triple Draw, Deal Four, Renounce Religion


You were in the Dungeon.
You worshipped Nemelex Xobeh.
Nemelex Xobeh was greatly pleased with you.
You were hungry.

You visited 1 branch

Inventory:

Hand Weapons
 w - a +1 broad axe of chopping (weapon)
Armour
 x - a +3 plate armour (worn)
Jewellery
 b - a +3 ring of protection (left hand)
 u - a +3 ring of strength (right hand)
Scrolls
 i - a scroll of blinking
 k - 3 scrolls of remove curse
 l - 5 scrolls of amnesia
 m - a scroll of summoning
Potions
 a - a potion of invisibility
 d - 8 potions of curing
 e - 3 potions of heal wounds
 f - 3 potions of haste
 g - 4 potions of magic
 h - 3 potions of berserk rage
 v - 2 potions of brilliance
Miscellaneous
 j - a plain deck of destruction {drawn: 1}
 q - a plain deck of summoning
 r - a plain deck of escape
 s - a plain deck of summoning
Comestibles
 c - 8 bread rations
 n - 40 fruits
 o - 7 meat rations


   Skills:
 + Level 12.6 Fighting
 + Level 12.7 Axes
 + Level 12.1 Armour
 + Level 11.7 Dodging
 - Level 1.5 Stealth
 + Level 10.3 Invocations


You had 8 spell levels left.
You didn't know any spells.

Dungeon Overview and Level Annotations

Branches:
Dungeon (1/1)

Altars:
Ashenzari
Cheibriados
Dithmenos
Elyvilon
Fedhas
Gozag
Hepliaklqana
Kikubaaqudgha
Makhleb
Nemelex Xobeh
Okawaru
Qazlal
Ru
Sif Muna
Trog
Uskayaw
Vehumet
Wu Jian
Xom
Yredelemnul
Zin
The Shining One
Beogh
Jiyva
Lugonu

Annotations:
D Crazy Yiuf


Innate Abilities, Weirdness & Mutations

You reflexively headbutt those who attack you in melee.
You have a pair of horns on your head.


Message History

The insubstantial wisp blinks!
The demonic crawler barely misses you. The demonic crawler misses you.
The demonic crawler hits you!!
You wake up.
* * * LOW HITPOINT WARNING * * *
Josephine is infused with unholy energy.
* * * LOW HITPOINT WARNING * * *
Josephine draws life force from you and is healed!
The dream sheep closely misses potatolord6000's illusion.
The wraith hits you!
* * * LOW HITPOINT WARNING * * *
You slice Josephine!!
You kill Josephine!
Your life force feels restored.
Your Armour skill increases to level 12!
You slash the wraith!
You destroy the wraith!
You closely miss the demonic crawler.
The death knight shouts!
The demonic crawler barely misses you. The demonic crawler hits you.
You die...
Your body disappears without a glow.

.............+
...#..#......#
.............#
'#####''######
....##''# #######
....##..# .pc..
....##..# Y{†
<...##..#### #@#
....##..#..#####@##
....##..#....##s)†#
....##..'.....#YWY#
######..')....'yYYy
######..'.....#W4.#v
..[[##..#....##.(v#..
..[.##..#..#####)##
.. ..))##..#### #'#
### ..))##..# ...


You could see a death knight (wandering), a demonic crawler, a hellwing, a
phantom, a wraith, a centaur, 5 dream sheep, 2 insubstantial wisps, 2 killer
bees and the friendly potatolord6000's illusion (invisible).

Vanquished Creatures
  Josephine (D)
  An elephant (D)
  A kobold demonologist (D)
  3 dream sheep (D)
  A redback (D)
  2 wraiths (D)
  Edmund (D)
  A floating eye (D)
  A water moccasin (D)
  An eye of draining (D)
  A necrophage (D)
  A wolf (D)
  A killer bee (D)
  An adder (D)
  A gnoll (D)
  A river rat (D)
  An ooze (D)
  An orc (D)
  A bat zombie (D)
  3 jackals (D)
  A giant cockroach zombie (D)
26 creatures vanquished.

Vanquished Creatures (collateral kills)
  A manticore (D)
  A guardian mummy (D)
  3 dream sheep (D)
  A wraith (D)
  A basilisk (D)
  2 wargs (D)
  A water moccasin (D)
  An ice beast (D)
  A centaur (D)
  A jelly (D)
  A worker ant (D)
  A bat (D)
  A frilled lizard (D)
  2 goblins (D)
18 creatures vanquished.

Grand Total: 44 creatures vanquished

Notes
Turn   | Place    | Note
-------+----------+-------------------------------------------
     0 | D        | potatolord6000 the Minotaur Monk began the quest for the Orb.
     0 | D        | Reached XP level 1. HP: 19/19 MP: 0/0
    21 | D        | Reached skill level 1 in Armour
   119 | D        | Found a bloodstained altar of Trog.
   119 | D        | Found a deep blue altar of Sif Muna.
   119 | D        | Found a viscous altar of Jiyva.
   119 | D        | Found a hazy altar of Hepliaklqana.
   119 | D        | Found an opulent altar of Gozag.
   120 | D        | Found a glowing golden altar of the Shining One.
   120 | D        | Found a glowing silver altar of Zin.
   120 | D        | Found a basalt altar of Yredelemnul.
   120 | D        | Found a shimmering altar of Xom.
   120 | D        | Found an ornate altar of the Wu Jian Council.
   120 | D        | Found a sacrificial altar of Ru.
   120 | D        | Found a stormy altar of Qazlal.
   120 | D        | Found an iron altar of Okawaru.
   120 | D        | Found a sparkling altar of Nemelex Xobeh.
   120 | D        | Found a burning altar of Makhleb.
   120 | D        | Found a blossoming altar of Fedhas.
   120 | D        | Found a white marble altar of Elyvilon.
   120 | D        | Found a shadowy altar of Dithmenos.
   120 | D        | Found a snail-covered altar of Cheibriados.
   122 | D        | Found a radiant altar of Vehumet.
   122 | D        | Found a corrupted altar of Lugonu.
   122 | D        | Found a roughly hewn altar of Beogh.
   123 | D        | Found a hide-covered altar of Uskayaw.
   123 | D        | Found an ancient bone altar of Kikubaaqudgha.
   123 | D        | Found a shattered altar of Ashenzari.
   141 | D        | Became a worshipper of Nemelex Xobeh the Trickster
   141 | D        | Received a gift from Nemelex Xobeh
   141 | D        | Reached * piety under Nemelex Xobeh
   141 | D        | Received a gift from Nemelex Xobeh
   141 | D        | Reached ** piety under Nemelex Xobeh
   155 | D        | Received a gift from Nemelex Xobeh
   162 | D        | Noticed a wyvern
   162 | D        | Noticed a wyvern
   175 | D        | Reached skill level 1 in Invocations
   175 | D        | Reached XP level 2. HP: 27/27 MP: 1/1
   177 | D        | Noticed a warg
   185 | D        | Killed a warg
   185 | D        | Reached skill level 5 in Fighting
   185 | D        | Reached skill level 5 in Axes
   185 | D        | Reached skill level 5 in Dodging
   185 | D        | Reached XP level 3. HP: 36/36 MP: 1/4
   185 | D        | Reached XP level 4. HP: 42/42 MP: 1/5
   253 | D        | Received a gift from Nemelex Xobeh
   321 | D        | Reached *** piety under Nemelex Xobeh
   321 | D        | Noticed a warg
   321 | D        | Noticed a wolf
   322 | D        | Noticed a water moccasin
   322 | D        | Noticed an ice beast
   327 | D        | Killed a wolf
   327 | D        | Reached skill level 5 in Armour
   327 | D        | Reached XP level 5. HP: 41/51 MP: 5/7
   330 | D        | Noticed Edmund
   348 | D        | Killed a water moccasin
   356 | D        | Killed a warg
   356 | D        | Reached skill level 5 in Invocations
   356 | D        | Reached XP level 6. HP: 54/60 MP: 8/8
   366 | D        | Killed an ice beast
   380 | D        | Killed Edmund
   404 | D        | Noticed a wraith
   417 | D        | Killed a wraith
   417 | D        | Reached XP level 7. HP: 38/70 MP: 10/10
   563 | D        | Paralysed by a floating eye for 2 turns
   735 | D        | Noticed a guardian mummy
   735 | D        | Noticed a basilisk
   751 | D        | Killed a basilisk
   751 | D        | Reached skill level 10 in Axes
   752 | D        | Killed a guardian mummy
   752 | D        | Reached skill level 10 in Fighting
   752 | D        | Reached XP level 8. HP: 79/79 MP: 12/12
   772 | D        | Reached **** piety under Nemelex Xobeh
   897 | D        | Received a gift from Nemelex Xobeh
   897 | D        | Noticed a manticore
   907 | D        | Killed a manticore
   909 | D        | Reached skill level 10 in Armour
  1021 | D        | Received a gift from Nemelex Xobeh
  1021 | D        | Noticed a dream sheep
  1021 | D        | Noticed a dream sheep
  1022 | D        | Noticed a dream sheep
  1022 | D        | Noticed a kobold demonologist
  1025 | D        | Killed a dream sheep
  1025 | D        | Reached skill level 10 in Dodging
  1026 | D        | Killed a dream sheep
  1027 | D        | Killed a dream sheep
  1027 | D        | Killed a kobold demonologist
  1027 | D        | Reached XP level 9. HP: 89/89 MP: 14/14
  1035 | D        | Noticed an elephant
  1037 | D        | Noticed Josephine
  1038 | D        | Noticed a death knight
  1038 | D        | Noticed Crazy Yiuf
  1039 | D        | Killed an elephant
  1046 | D        | Noticed a demonic crawler
  1048 | D        | Noticed a hellwing
  1048 | D        | Reached skill level 10 in Invocations
  1052 | D        | HP: 2/90 [wraith[Josephine] (7)]
  1053 | D        | Killed Josephine
  1053 | D        | Slain by a demonic crawler

Vault maps used:
D:        pitsprint

Skill      XL: |  1  2  3  4  5  6  7  8  9 |
---------------+----------------------------+-----
Axes           | 4 5 7 9 10 11 12 | 12.7
Armour         | 2 4 5 6 8 9 11 12 | 12.1
Fighting       | 4 5 6 7 9 10 11 12 | 12.6
Invocations    | 1 3 4 5 6 7 9 10 | 10.3
Dodging        | 5 6 7 8 9 10 11 | 11.7
Stealth        | |  1.5

Action                   |  1- 3 |  4- 6 |  7- 9 || total
-------------------------+-------+-------+-------++-------
Melee: Hand axe          |    14 |    30 |    19 ||    63
       Headbutt          |     2 |    12 |     8 ||    22
       Broad axe         |       |       |    22 ||    22
Evoke: Deck              |     1 |     2 |     7 ||    10
  Use: Potion            |     1 |       |     7 ||     8
 Stab: Sleeping          |     2 |       |       ||     2
Armor: Robe              |     2 |     1 |       ||     3
       Chain mail        |       |     8 |     6 ||    14
       Plate armour      |       |       |    36 ||    36
Dodge: Dodged            |    12 |    19 |    58 ||    89

Table legend:
 A = Spawn XP
 B = Non-spawn XP
 C = Spawn XP percentage of total XP
 D = Spawn monster count
 E = Non-spawn monster count
 F = Spawn count percentage of total count
 G = Total turns spent on level
                    A         B        C        D         E        F      G
               +---------+---------+-------+---------+---------+-------+---------
         Total |       0 |    5246 |   0.0 |       0 |      44 |   0.0 |  1053
               +---------+---------+-------+---------+---------+-------+---------
             D |       0 |    5246 |   0.0 |       0 |      44 |   0.0 |  1053
               +---------+---------+-------+---------+---------+-------+---------
